Map: Ice and Chrome LE

Players

Throwfordays - Winner!

  • Race: Protoss Protoss
  • League: Silver
  • Spawn Location: 7:00

Villageidiot

  • Race: Protoss Protoss
  • League: Bronze
  • Spawn Location: 1:00

VOD

Have the link to the VOD?

Description

Time

  • Played on: June 29, 2020, 10:43 p.m.
  • Length: 10:31
Show
View Real Time Build Order
Export as new Build Order

Throwfordays Protoss - Winner!

Build Orders: 1 Gate Expand 

Get SALT Encoding   

  12  0:01  Probe  
  13  0:13  Probe  
  14  0:21  Pylon  
  14  0:25  Probe  
  15  0:40  Gateway  
  15  0:49  Probe  
  16  0:58  Assimilator, Probe  
  17  1:06  Probe  
  18  1:17  Probe  
  19  1:29  Probe  
  19  1:30  Cybernetics Core  
  20  1:40  Nexus  
  20  1:45  Warp Gate  
  20  1:51  Probe  
  21  1:58  Assimilator  
  21  2:03  Probe  
  22  2:15  Probe  
  23  2:22  Gateway  
  23  2:27  Pylon  
  23  2:38  Pylon  
  23  2:45  Stalker, Probe  
  23  2:47  Robotics Facility  
  23  2:49  Probe  
  26  2:57  Probe x2  
  29  3:07  Probe  
  29  3:09  Probe  
  29  3:10  Adept  
  33  3:23  Probe  
  33  3:24  Probe  
  35  3:30  Stargate  
  35  3:35  Observer, Probe  
  35  3:36  Probe  
  38  3:44  Assimilator  
  38  3:46  Assimilator  
  38  3:47  Probe  
  39  3:48  Probe  
  40  3:59  Probe  
  40  4:00  Probe  
  42  4:07  Stargate  
  42  4:11  Probe  
  42  4:12  Probe  
  42  4:14  Protoss Air Weapons Level 1  
  42  4:17  Observer  
  44  4:25  Probe  
  44  4:29  Probe  
  46  4:38  Probe  
  47  4:41  Probe  
  48  4:50  Probe  
  49  4:53  Probe  
  49  4:58  Void Ray  
  54  5:05  Pylon  
  54  5:07  Shield Battery  
  54  5:18  Void Ray  
  54  5:24  Pylon  
  54  5:25  Pylon  
  54  5:27  Pylon  
  58  5:28  Pylon  
  58  5:30  Pylon  
  58  5:31  Void Ray  
  58  5:38  Zealot x2  
  66  5:46  Warp Prism  
  68  5:55  Void Ray  
  72  6:13  Void Ray  
  76  6:26  Nexus  
  76  6:28  Assimilator, Void Ray  
  76  6:33  Assimilator  
  76  6:35  Probe  
  76  6:38  Probe  
  82  6:45  Pylon  
  83  6:47  Void Ray, Probe  
  83  6:48  Pylon  
  83  6:50  Probe  
  83  6:51  Pylon  
  84  6:59  Probe  
  89  7:02  Probe  
  90  7:11  Void Ray, Probe  
  90  7:12  Pylon  
  90  7:14  Probe  
  96  7:17  Pylon  
  96  7:22  Pylon, Stargate  
  96  7:23  Probe  
  96  7:26  Pylon, Probe  
  98  7:37  Void Ray  
  102  7:46  Pylon, Probe  
  103  7:54  Void Ray, Probe  
  103  7:55  Protoss Air Armor Level 1  
  108  8:04  Probe  
  108  8:05  Cybernetics Core  
  108  8:06  Forge  
  108  8:10  Fleet Beacon  
  108  8:12  Pylon  
  109  8:13  Pylon  
  109  8:16  Probe  
  109  8:19  Void Ray  
  114  8:25  Stargate  
  114  8:26  Stargate  
  114  8:28  Probe  
  113  8:37  Probe  
  106  8:45  Probe  
  103  8:54  Probe  
  104  8:56  Void Ray x2  
  113  9:05  Twilight Council  
  113  9:06  Void Ray, Probe  
  118  9:18  Probe  
Show
View Real Time Build Order
Export as new Build Order

Villageidiot Protoss 

Build Orders: Double Forge 

Get SALT Encoding   

  12  0:14  Pylon  
  12  0:22  Assimilator  
  12  0:26  Probe  
  12  0:34  Probe  
  13  0:40  Gateway  
  14  0:53  Forge  
  14  0:56  Probe  
  15  1:04  Probe  
  16  1:12  Assimilator, Probe  
  17  1:32  Zealot  
  19  1:36  Pylon  
  19  1:59  Nexus  
  19  2:11  Photon Cannon  
  19  2:21  Cybernetics Core  
  19  2:46  Probe  
  19  2:48  Gateway  
  20  2:53  Protoss Ground Armor Level 1  
  20  2:54  Probe  
  21  3:04  Probe  
  21  3:10  Gateway  
  22  3:28  Gateway  
  22  3:34  Photon Cannon  
  22  3:35  Probe  
  23  3:43  Probe  
  24  3:53  Probe  
  24  3:55  Pylon  
  25  3:57  Warp Gate  
  25  4:05  Zealot, Probe  
  25  4:07  Zealot  
  30  4:17  Probe  
  31  4:32  Stalker  
  33  4:53  Forge  
  33  5:01  Protoss Ground Weapons Level 1, Pylon  
  33  5:05  Pylon  
  33  5:07  Pylon  
  33  5:10  Pylon  
  33  5:14  Pylon  
  33  5:16  Pylon  
  33  5:20  Pylon  
  33  5:37  Twilight Council  
  33  5:43  Robotics Facility  
  33  5:45  Robotics Facility  
  33  5:50  Probe  
  34  5:58  Probe  
  34  6:00  Probe  
  36  6:08  Probe  
  37  6:13  Probe  
  37  6:15  Assimilator  
  37  6:18  Assimilator  
  38  6:20  Probe  
  38  6:25  Probe  
  40  6:32  Probe  
  41  6:40  Probe  
  42  6:49  Stalker x2, Probe  
  42  6:50  Stalker x2  
  51  6:55  Protoss Ground Armor Level 2  
  51  6:58  Probe  
  52  7:10  Dark Shrine  
  52  7:17  Photon Cannon  
  52  7:21  Photon Cannon  
  52  7:24  Photon Cannon  
  52  7:30  Photon Cannon  
  52  7:45  Stalker  
  52  7:46  Stalker x2  
  52  7:50  Sentry  
  60  8:14  Zealot x3  
  60  8:16  Zealot  
  52  8:51  Stalker x2  
  52  8:52  Stalker x2  
  60  9:05  Nexus  
  60  9:19  Gateway  
  60  9:20  Gateway  
  60  9:27  Stalker x3  
  44  9:50  Stalker x2  
  44  9:51  Stalker x2  
  44  10:03  Stalker x2  
Tags
 
Add a new tag
Caveats
  • Supply blocks, unpowered buildings, or Contaminate may cause inaccurate times.
  • Supply counts are checked every 10 seconds.